 Dungeon Crawl Stone Soup version 0.22-a0-224-g8cf3520 (webtiles) character file.

2956 RoseArtemis the Protected (level 9, -11/83 HPs)
             Began as a Minotaur Fighter on Feb 19, 2018.
             Was a Believer of Ru.
             Killed by the air
             ... invoked by Gastronok
              (29 damage)
             ... on level 8 of the Dungeon.
             The game lasted 00:30:47 (9725 turns).

RoseArtemis the Protected (Minotaur Fighter)        Turns: 9725, Time: 00:30:47

Health: -11/83     AC: 16    Str: 22    XL:     9   Next: 52%
Magic:  8/8        EV:  5    Int:  5    God:    Ru [**....]
Gold:   455        SH: 11    Dex: 12    Spells: 8/8 levels left

rFire    . . .     SeeInvis .   a - +0 long sword
rCold    . . .     Gourm    .   c - +0 shield
rNeg     . . .     Faith    .   i - +0 plate armour
rPois    .         Spirit   .   (helmet restricted)
rElec    .         Reflect  .   (no cloak)
rCorr    .         Harm     .   z - +1 pair of gloves
MR       .....                  (no boots)
Stlth    ..........             (no amulet)
HPRegen  0.23/turn              g - ring of flight
MPRegen  0.11/turn              (no ring)

@: no status effects
A: retaliatory headbutt, horns 2, no stealth, hated by all
a: Renounce Religion, Evoke Flight


You were on level 8 of the Dungeon.
You worshipped Ru.
Ru was pleased with you.
You were hungry.

You visited 2 branches of the dungeon, and saw 9 of its levels.

You collected 455 gold pieces.

Inventory:

Hand Weapons
 a - a +0 long sword (weapon)
 x - a +0 blowgun
Missiles
 y - 42 poisoned needles
Armour
 b - a +0 scale mail
 c - a +0 shield (worn)
 i - a +0 plate armour (worn)
 z - a +1 pair of gloves (worn)
Jewellery
 g - a ring of flight (left hand)
 p - an uncursed ring of protection from fire {unknown}
Wands
 d - a wand of digging (19)
 q - a wand of clouds (6)
Scrolls
 e - 2 scrolls of remove curse
 j - a scroll of teleportation {unknown}
 k - a scroll of enchant weapon {unknown}
 m - 2 scrolls of amnesia
 n - 4 scrolls of fog
 u - a scroll of immolation {unknown}
 v - a scroll of magic mapping {unknown}
 w - 2 scrolls of blinking {unknown}
 A - a scroll of random uselessness {unknown}
Potions
 h - a potion of magic
 o - a potion of haste
 r - a potion of invisibility {unknown}
 s - a potion of experience {unknown}
 t - a potion of agility {unknown}
 B - 2 potions of curing
 C - a potion of brilliance {unknown}
 D - a potion of flight {unknown}
 E - 2 potions of mutation
Comestibles
 f - 16 rations


   Skills:
 + Level 9.1 Fighting
 + Level 8.5 Long Blades
 - Level 10.0 Armour
 + Level 6.6 Shields


You had 8 spell levels left.
You didn't know any spells.

Dungeon Overview and Level Annotations

Branches:
Dungeon (8/15)             Temple (1/1) D:5            Lair (0/6) D:8

Altars:
Ashenzari
Cheibriados
Dithmenos
Elyvilon
Fedhas
Gozag
Hepliaklqana
Kikubaaqudgha
Makhleb
Nemelex Xobeh
Okawaru
Qazlal
Ru
Sif Muna
Trog
Uskayaw
Vehumet
Wu Jian
Xom
Yredelemnul
Zin
The Shining One

Annotations:
D:8 Gastronok


Innate Abilities, Weirdness & Mutations

You reflexively headbutt those who attack you in melee.
You have a pair of horns on your head.
You cannot be stealthy.
You are hated by all.


Message History

Gastronok puts on a burst of speed!
You hit Gastronok but do no damage. You headbutt Gastronok!
Gastronok is severely wounded.
Gastronok gurgles, "A snack!
A snack!"
Gastronok bites you!
You are too injured to fight recklessly!
You hit Gastronok but do no damage.
Gastronok is severely wounded.
You slash Gastronok!
Gastronok is almost dead.
Gastronok bites you!!
* * * LOW HITPOINT WARNING * * *
You slash Gastronok!
You headbutt Gastronok, but do no damage.
Gastronok is almost dead.
You slash Gastronok! You headbutt Gastronok.
Gastronok is almost dead.
Gastronok waves his eye-stalks in wide circles.
The air twists around and strikes you!
You die...

.# ..........#
##.####.#.## .#
.........## #.# ##..#
.# #######.##
#.#####..# .# #.#
#.##.....# .# #.#
#.##.###.# .# ##'##
#.##.# #.# .# ##...##
#.##.###.# ##
##.....## #........#
#
##...@...######.#####
# #....w....####...##
....
..'.........'.......#
####
#.#.........####...##
# #.. ..##.......##
##.## # #.# ##.....##
#.### #.# ##...##
#...# #.# ##'## ###.#
# #.# #y# #.#


You could see Gastronok.

Vanquished Creatures
  Menkaure (D:5)
  A sky beast (D:6)
  2 ogres (D:7)
  An orc warrior (D:6)
  2 phantoms
  2 centaurs (D:7)
  3 bullfrogs
  2 scorpions
  6 killer bees
  4 wights (D:5)
  2 howler monkeys
  5 crimson imps
  A hound (D:4)
  A centaur skeleton (D:7)
  5 orc priests
  A jelly (D:7)
  2 gnoll shamans
  9 orc wizards
  Terence (D:3)
  A bullfrog skeleton (D:5)
  An iguana (D:8)
  7 worker ants
  A hound skeleton (D:8)
  A mummy (D:6)
  2 howler monkey skeletons
  A worker ant zombie (D:5)
  8 gnolls
  10 adders
  A shadow imp (D:5)
  2 adder skeletons
  An adder zombie (D:5)
  3 worms
  3 dart slugs
  7 leopard geckos
  32 orcs
  6 bats
  7 giant cockroaches
  9 hobgoblins
  6 jackals (D:2)
  10 kobolds
  3 quokkas
  3 ball pythons
  A ball python skeleton (D:4)
  2 frilled lizards
  7 goblins
  A leopard gecko skeleton (D:4)
  5 rats
192 creatures vanquished.

Vanquished Creatures (others)
  An iguana (D:4)
1 creature vanquished.

Grand Total: 193 creatures vanquished

Notes
Turn   | Place    | Note
-------+----------+-------------------------------------------
     0 | D:1      | RoseArtemis the Minotaur Fighter began the quest for the Orb.
     0 | D:1      | Reached XP level 1. HP: 19/19 MP: 0/0
   289 | D:1      | Reached XP level 2. HP: 27/27 MP: 1/1
   992 | D:2      | Reached skill level 4 in Armour
  1006 | D:2      | Reached XP level 3. HP: 28/33 MP: 2/2
  1320 | D:2      | Found a shattered altar of Ashenzari.
  1320 | D:2      | Found a hazy altar of Hepliaklqana.
  1320 | D:2      | Found a sacrificial altar of Ru.
  1339 | D:2      | Became a worshipper of Ru the Awakened
  1540 | D:2      | Reached XP level 4. HP: 37/41 MP: 3/3
  2212 | D:3      | Reached skill level 5 in Fighting
  2299 | D:3      | Reached XP level 5. HP: 44/48 MP: 4/4
  2355 | D:3      | Gained mutation: You are hated by all. [Ru sacrifice]
  2355 | D:3      | Reached * piety under Ru
  2621 | D:3      | Noticed Terence
  2640 | D:3      | Killed Terence
  2956 | D:3      | Reached XP level 6. HP: 57/57 MP: 5/5
  3621 | D:4      | Reached skill level 5 in Armour
  3621 | D:4      | Reached skill level 5 in Shields
  3744 | D:4      | Reached skill level 5 in Long Blades
  4043 | D:4      | Gained mutation: You cannot be stealthy. [Ru sacrifice]
  4043 | D:4      | Reached ** piety under Ru
  4100 | D:5      | Entered Level 5 of the Dungeon
  4113 | D:5      | Reached XP level 7. HP: 43/63 MP: 6/6
  4402 | D:5      | Found a staircase to the Ecumenical Temple.
  4425 | D:5      | Reached skill level 6 in Armour
  4511 | D:5      | Found an iron altar of Okawaru.
  4534 | D:5      | Found an opulent altar of Gozag.
  4537 | D:5      | Found a shadowy altar of Dithmenos.
  4538 | D:5      | Found a white marble altar of Elyvilon.
  4540 | D:5      | Found a blossoming altar of Fedhas.
  4540 | D:5      | Noticed Menkaure
  4555 | D:5      | Killed Menkaure
  5052 | D:5      | Found a basalt altar of Yredelemnul.
  5213 | D:5      | Reached skill level 7 in Armour
  5368 | D:5      | Reached XP level 8. HP: 67/73 MP: 7/7
  5787 | Temple   | Entered the Ecumenical Temple
  5996 | D:6      | Reached skill level 8 in Armour
  6410 | D:6      | Reached skill level 9 in Armour
  6470 | D:6      | Found a snail-covered altar of Cheibriados.
  6992 | D:7      | Reached XP level 9. HP: 71/82 MP: 8/8
  8043 | D:8      | Reached skill level 10 in Armour
  8469 | D:8      | Noticed Gastronok
  9550 | D:8      | Found a staircase to the Lair.
  9606 | D:8      | Found a burning altar of Makhleb.
  9725 | D:8      | Killed from afar by Gastronok

Vault maps used:
D:1:      minmay_arrival_cross
D:2:      gammafunk_temple_overflow_claw, solitary_fountain
D:3:      uniq_terence
D:4:      serial_glass, glass_columns_c, glass_columns_a
D:5:      nicolae_overflow_crystal_walls, grunt_temple_overflow_open,
          minmay_temple_entry_junction, first_ration, basic_altar, uniq_menkaure
D:6:      slow_altar_2
D:7:      hangedman_decor_peaks_small
D:8:      lair_entry_dummy, basic_altar, uniq_gastronok
Temple:   dshaligram_water_room_temple

Skill      XL: |  1  2  3  4  5  6  7  8  9 |
---------------+----------------------------+-----
Fighting       | 4 5 6 7 8 9 |  9.1
Armour         | 4 5 7 9 10 | 10.0
Shields        | 4 5 6 |  6.6
Long Blades    | 3 4 5 6 7 8 |  8.5

Action                   |  1- 3 |  4- 6 |  7- 9 || total
-------------------------+-------+-------+-------++-------
Melee: Long sword        |    93 |   202 |   402 ||   697
       Headbutt          |    17 |    37 |   100 ||   154
Invok: Sacrifice Love    |       |     1 |       ||     1
       Sacrifice Stealth |       |     1 |       ||     1
       Reject Sacrifices |       |       |     1 ||     1
  Use: Scroll            |       |     3 |     8 ||    11
       Potion            |       |       |     2 ||     2
 Stab: Distracted        |       |       |     1 ||     1
  Eat: Chunk             |     2 |     8 |    15 ||    25
       Ration            |       |       |     1 ||     1
Armor: Scale mail        |    12 |       |       ||    12
       Plate armour      |    51 |   105 |   185 ||   341
Dodge: Dodged            |    19 |    26 |    65 ||   110
Block: Shield            |    49 |    86 |   185 ||   320
       Rpst.: Long sword |     7 |     4 |    22 ||    33

Table legend:
 A = Spawn XP
 B = Non-spawn XP
 C = Spawn XP percentage of total XP
 D = Spawn monster count
 E = Non-spawn monster count
 F = Spawn count percentage of total count
 G = Total turns spent on level
                    A         B        C        D         E        F      G
               +---------+---------+-------+---------+---------+-------+---------
         Total |       0 |    4223 |   0.0 |       0 |     193 |   0.0 |  9725
               +---------+---------+-------+---------+---------+-------+---------
           D:1 |       0 |      21 |   0.0 |       0 |      11 |   0.0 |   680
           D:2 |       0 |     120 |   0.0 |       0 |      38 |   0.0 |  1504
           D:3 |       0 |     280 |   0.0 |       0 |      33 |   0.0 |  1212
           D:4 |       0 |     204 |   0.0 |       0 |      19 |   0.0 |   704
           D:5 |       0 |     929 |   0.0 |       0 |      24 |   0.0 |  1714
           D:6 |       0 |     963 |   0.0 |       0 |      30 |   0.0 |   789
           D:7 |       0 |    1127 |   0.0 |       0 |      25 |   0.0 |  1926
           D:8 |       0 |     579 |   0.0 |       0 |      13 |   0.0 |  1063
               +---------+---------+-------+---------+---------+-------+---------
